 Dungeon Crawl Stone Soup version 0.17.1-3-g152610e (webtiles) character file.

184 hannobal the Conjurer (level 5, -3/37 HPs)
             Began as an Octopode Wizard on Mar 1, 2016.
             Was an Initiate of Ru.
             Slain by kaze's ghost (6 damage)
             ... on level 3 of the Dungeon.
             The game lasted 00:13:59 (3863 turns).

hannobal the Conjurer (Octopode Wizard)             Turns: 3863, Time: 00:14:00

Health: -3/37      AC:  6    Str:  6    XL:     5   Next: 64%
Magic:  7/9        EV:  7    Int: 21    God:    Ru [......]
Gold:   212        SH:  0    Dex: 11    Spells: 4 memorised, 2 levels left

rFire  . . .     SeeInvis .     a - +0 quarterstaff
rCold  . . .     Clarity  .     (shield currently unavailable)
rNeg   . . .     SustAt   .     i - +2 hat
rPois  .         Gourm    .     (no amulet)
rElec  .         Spirit   .     (no ring)
rCorr  .         Warding  .     (no ring)
rMut   .         Stasis   .     (no ring)
MR     .....                    (no ring)
Stlth  +++.......               (no ring)
                                (no ring)
                                (no ring)
                                (no ring)

@: repel missiles, not resistant to hostile enchantments, fairly stealthy
A: almost no armour, amphibious, 8 rings, constrict 8, rugged brown scales 1,
slimy green scales 1, camouflage 1, robust 1, gelatinous body 1
a: Renounce Religion


You were on level 3 of the Dungeon.
You worshipped Ru.
Ru was noncommittal.
You were not hungry.

You visited 1 branch of the dungeon, and saw 4 of its levels.

You collected 212 gold pieces.

Inventory:

Hand Weapons
 a - a +0 quarterstaff (weapon)
 n - a +0 war axe
 p - a +0 dagger of freezing
Missiles
 d - 57 arrows
 g - 139 stones (quivered)
 h - 76 sling bullets
 l - 6 tomahawks
Armour
 i - a +2 hat (worn)
Scrolls
 j - 2 scrolls of identify
 k - 4 scrolls of remove curse
Potions
 o - a potion of curing
Books
 b - a book of Minor Magic

   Spells                             Type                      Level
   a - Magic Dart                     Conjuration                  1
   b - Blink                          Translocation                2
   c - Call Imp                       Summoning                    2
   d - Repel Missiles                 Charms/Air                   2
   e - Slow                           Hexes                        2
   f - Conjure Flame                  Conjuration/Fire             3
   g - Mephitic Cloud                 Conjuration/Poison/Air       3
Comestibles
 c - 3 bread rations
 f - a chunk of flesh


   Skills:
 - Level 1.4 Fighting
 - Level 2.0 Dodging
 - Level 2.6 Stealth
 - Level 3.0 Spellcasting
 + Level 3.4 Conjurations
 - Level 1.0 Charms
   Level 1.0 Summonings
 - Level 1.0 Translocations
 - Level 2.0 Air Magic
 - Level 2.6 Poison Magic


You had 2 spell levels left.
You knew the following spells:

 Your Spells              Type           Power        Failure   Level  Hunger
b - Blink                 Tloc           N/A          14%         2    ##.....
p - Mephitic Cloud        Conj/Pois/Air  ##......     17%         3    ###....
r - Repel Missiles        Chrm/Air       #.....       12%         2    ##.....
z - Magic Dart            Conj           ###.         3%          1    None


Dungeon Overview and Level Annotations

Branches:
Dungeon (4/15)
 Temple: D:4-7

Altars:
Elyvilon
Ru
Zin

Shops:
D:4 *

Annotations:
D:3 kaze's ghost, amateur TrBe


Innate Abilities, Weirdness & Mutations

You cannot wear most types of armour.
You are amphibious.
You can wear up to eight rings at the same time.
You can use your tentacles to constrict eight enemies at once.
Your skin changes colour to match your surroundings (Stealth).
Your rubbery body absorbs attacks (AC +1).
You are partially covered in rugged brown scales (AC +1, +3% HP).
You are partially covered in slimy green scales (AC +2).
You are robust (+10% HP).


Message History

Aiming: Mephitic Cloud
Press: ? - help, Shift-Dir - straight line, p - orc priest The ball explodes into a vile cloud!
The stinking cloud engulfs the orc priest.
The orc priest is heavily wounded.
The orc priest calls down the wrath of Beogh upon you.
Something smites you!
* * * LOW HITPOINT WARNING * * *
There is a stone staircase leading up here.
You climb upwards.
Level annotation: kaze's ghost, amateur TrBe
There is a stone staircase leading down here.
Kaze's ghost misses you. Kaze's ghost hits you!
* * * LOW HITPOINT WARNING * * *
Kaze's ghost sneers, "Only the weak need weapons."
Kaze's ghost completely misses you.
There is a stone staircase leading up here.
Kaze's ghost hits you.
You die...

#.......#...####
####.......#......#
...........#......#
#####...)..#......#
######..####......#############
.............................>#
#######..##..........########.#
##.##.......##.# #.#
#..#.....@..#... #.#
##.###...W#.#.#..# #.#
#..##......#....### #.#
##.##....##..P..... #.#
#..........Pā‰ˆā‰ˆ....##.#
##.#....#.......#..#.#
#..)...#......' #...###
#.........āŒ ..## ##.[...
#..##.#.......###..####


You could see kaze's ghost.

Vanquished Creatures
  A giant frog skeleton (D:3)
  A worker ant (D:3)
  4 adders (D:2)
  An ooze (D:2)
  A worm (D:2)
  3 giant geckos
  An orc (D:4)
  A ball python (D:1)
  7 giant cockroaches
  8 hobgoblins
  3 jackals (D:3)
  10 kobolds
  2 quokkas (D:2)
  11 bats
  2 giant newts
  9 goblins
  13 rats
78 creatures vanquished.

Notes
Turn   | Place    | Note
--------------------------------------------------------------
     0 | D:1      | hannobal the Octopode Wizard began the quest for the Orb.
     0 | D:1      | Reached XP level 1. HP: 11/11 MP: 4/4
   179 | D:1      | Reached XP level 2. HP: 15/17 MP: 0/6
   183 | D:1      | Learned a level 2 spell: Repel Missiles
   805 | D:1      | Gained mutation: You are partially covered in slimy green scales (AC +2). [potion of mutation]
   805 | D:1      | Gained mutation: You are robust (+10% HP). [potion of mutation]
   805 | D:1      | Gained mutation: You are partially covered in rugged brown scales (AC +1, +3% HP). [potion of mutation]
   834 | D:1      | Reached XP level 3. HP: 23/23 MP: 5/7
   839 | D:1      | Learned a level 3 spell: Mephitic Cloud
   842 | D:1      | Learned a level 2 spell: Blink
  1216 | D:2      | Reached skill level 1 in Poison Magic
  1344 | D:2      | Reached skill level 1 in Air Magic
  1728 | D:2      | Reached XP level 4. HP: 28/30 MP: 1/8
  1910 | D:2      | Found a white marble altar of Elyvilon.
  1929 | D:2      | Reached skill level 1 in Charms
  2201 | D:3      | Noticed kaze's ghost (amateur TrBe)
  2340 | D:3      | Found a sacrificial altar of Ru.
  2351 | D:3      | Became a worshipper of Ru the Awakened
  2460 | D:3      | Reached XP level 5. HP: 32/35 MP: 0/9
  2552 | D:3      | Found a glowing silver altar of Zin.
  2671 | D:3      | Reached skill level 1 in Fighting
  3730 | D:4      | Found Asekhlih's General Store.
  3863 | D:3      | Slain by kaze's ghost

Action                   |  1- 3 |  4- 6 || total
-------------------------+-------+-------++-------
Melee: Dagger            |     6 |       ||     6
       Unarmed           |     4 |       ||     4
       War axe           |     9 |       ||     9
       Hand axe          |     1 |       ||     1
       Quarterstaff      |       |     6 ||     6
 Cast: Magic Dart        |    98 |   114 ||   212
       Repel Missiles    |     1 |     1 ||     2
       Mephitic Cloud    |       |     1 ||     1
  Use: Scroll            |     6 |     5 ||    11
       Potion            |     2 |     2 ||     4
  Eat: Chunk             |     2 |     5 ||     7
       Pizza             |       |     1 ||     1
